 Dungeon Crawl Stone Soup version 0.30-a0-218-gedb9141078 (webtiles) character file.

Game seed: 7170267032126616883

214092 zishaf the Lord of Darkness (level 20, -7/166 HPs)
             Began as a Human Necromancer on Oct 4, 2022.
             Was the Champion of Kikubaaqudgha.
             Mangled by an ettin
             ... wielding a +0 great mace
              (33 damage)
             ... on level 2 of the Depths on Oct 5, 2022.
             The game lasted 02:28:48 (47402 turns).

zishaf the Lord of Darkness (Human Necromancer)    Turns: 47402, Time: 02:28:49

Health: -7/166     AC: 13    Str: 10    XL:     20   Next: 15%
Magic:  6/45       EV: 16    Int: 21    God:    Kikubaaqudgha [******]
Gold:   969        SH:  6    Dex: 16    Spells: 7/43 levels left

rFire   . . .      SeeInvis +    a - staff of death
rCold   + + +      Faith    .    r - +1 buckler {rC+}
rNeg    + . .      Spirit   .    q - +4 skin of Zhor {*Englaciate rC+++ SInv}
rPois   .          Reflect  .    (helmet restricted)
rElec   .          Harm     .    H - +0 cloak
rCorr   .          Rampage  .    M - +2 pair of gloves
Will    +....                    z - +2 pair of boots {Fly}
Stlth   +++.......               (no amulet)
HPRegen 0.47/turn                T - +4 ring of evasion
MPRegen 0.29/turn                J - ring of magical power

@: flying
A: horns 1, camouflage 1
a: Renounce Religion, Unearth Wretches, Torment


You were on level 2 of the Depths.
You worshipped Kikubaaqudgha.
Kikubaaqudgha was exalted by your worship.
You visited 7 branches of the dungeon, and saw 31 of its levels.
You also visited: Bailey, Gauntlet and Ice Cave.

You collected 3836 gold pieces.
You spent 2867 gold pieces at shops.

Inventory:

Missiles
 s - 8 throwing nets
Armour
 d - a +2 robe of resistance
 k - the +0 helmet of the Harvest {Regen+}
   (You found it on level 5 of the Dungeon)

   Regen:     It increases your rate of health regeneration.
 q - the +4 skin of Zhor (worn) {*Englaciate rC+++ SInv}
   (You bought it in a shop on level 2 of the Orcish Mines)

   It radiates cold, occasionally slowing all nearby creatures who are not
   resistant to cold.
   rC:        It renders you almost immune to cold.
   SInv:      It lets you see invisible.
 r - a +1 buckler of cold resistance (worn)
 z - a +2 pair of boots of flying (worn)
 G - the +3 leather armour of Sif Muna's Approval {+Blink rElec Dex+3 SInv}
   (You found it on level 3 of the Spider Nest)

   Dex:       It affects your dexterity (+3).
   rElec:     It insulates you from electricity.
   SInv:      It lets you see invisible.
   +Blink:    It lets you blink.
 H - a +0 cloak (worn)
 M - a +2 pair of gloves (worn)
Magical Staves
 a - a staff of death (weapon)
 b - a staff of earth
Jewellery
 f - a ring of ice
 i - a ring of protection from fire
 I - a ring of fire
 J - a ring of magical power (right hand)
 T - a +4 ring of evasion (left hand)
Wands
 l - a wand of polymorph (35)
 n - a wand of charming (18)
 o - a wand of roots (14)
 v - a wand of acid (2)
 w - a wand of digging (9)
 x - a wand of flame (29)
 K - a wand of mindburst (14)
Scrolls
 p - 2 scrolls of fear
 B - 5 scrolls of poison
 C - a scroll of butterflies
 E - a scroll of teleportation
 N - 2 scrolls of summoning
 P - 12 scrolls of amnesia
 R - a scroll of brand weapon
 S - 18 scrolls of identify
 V - 2 scrolls of enchant armour
 W - 2 scrolls of magic mapping
 X - 4 scrolls of blinking
 Y - a scroll of enchant weapon
 Z - a scroll of silence
Potions
 c - 6 potions of lignification
 g - a potion of heal wounds
 h - 3 potions of cancellation
 j - 4 potions of brilliance
 m - 3 potions of haste
 t - 3 potions of curing
 u - 4 potions of magic
 A - a potion of might
 D - a potion of ambrosia
 O - 3 potions of berserk rage
Miscellaneous
 e - a lightning rod (4/4)
 y - a phial of floods
 L - a phantom mirror
 Q - a tin of tremorstones (2/2)
 U - a condenser vane


   Skills:
 + Level 16.5 Fighting
 - Level 2.0 Dodging
 - Level 2.0 Stealth
 - Level 5.0 Shields
 + Level 12.1 Spellcasting
 + Level 19.8 Necromancy
 - Level 8.0 Translocations
 + Level 12.4 Transmutations
 - Level 13.0 Earth Magic
 - Level 4.0 Evocations


You had 7 spell levels left.
You knew the following spells:

 Your Spells              Type           Power      Damage    Failure   Level
a - Borgnjor's Vile Clut  Necr/Erth      44%        N/A       1%          5
b - Vampiric Draining     Necr           97%        2d12      0%          3
c - Passage of Golubria   Tloc           46%        N/A       2%          4
d - Dispel Undead         Necr           97%        3d30      1%          4
e - Infestation           Necr           48%        N/A       13%         8
A - Animate Dead          Necr           97%        N/A       1%          4
B - Sublimation of Blood  Necr           97%        N/A       0%          2
C - Statue Form           Tmut/Erth      40%        N/A       5%          6

Your spell library contained the following spells:

 Spells                   Type           Power      Damage    Failure   Level
 Necrotise                Necr           100%       1d9       0%          1
 Apportation              Tloc           92%        N/A       1%          1
 Kiss of Death            Conj/Necr      100%       2d13      1%          1
 Anguish                  Hex/Necr       34%        N/A       1%          4
 Petrify                  Tmut/Erth      60%        N/A       1%          4
 Agony                    Necr           97%        N/A       1%          5
 Blade Hands              Tmut           29%        N/A       1%          5
 Lee's Rapid Deconstruct  Erth           30%        3d17*     1%          5
 Death Channel            Necr           48%        N/A       1%          6
 Animate Armour           Summ/Erth      80%        N/A       4%          4
 Leda's Liquefaction      Hex/Erth       20%        N/A       4%          4
 Ice Form                 Ice/Tmut       38%        N/A       5%          4
 Freeze                   Ice            48%        1d7       7%          1
 Slow                     Hex            48%        N/A       7%          1
 Summon Small Mammal      Summ           48%        N/A       7%          1
 Kindle Blastsparks       Fire/Tloc/Air  48%        2d14      7%          3
 Scorch                   Fire           24%        2d6       10%         2
 Iskenderun's Mystic Bla  Conj/Tloc      29%        2d7       13%         4
 Simulacrum               Ice/Necr       34%        N/A       17%         6
 Confusing Touch          Hex            12%        N/A       21%         3
 Frozen Ramparts          Ice            24%        1d4       21%         3
 Hailstorm                Conj/Ice       12%        3d5       21%         3
 Summon Forest            Summ/Tloc      14%        N/A       34%         5
 Flame Wave               Conj/Fire      12%        2d6       54%         4
 Fulminant Prism          Conj/Hex       6%         3d7       54%         4
 Summon Ice Beast         Ice/Summ       12%        N/A       54%         4
 Iron Shot                Conj/Erth      20%        9d5       56%         6
 Eringya's Noxious Bog    Tmut/Pois      19%        N/A       63%         6
 Haunt                    Necr/Summ      34%        N/A       67%         7
 Metabolic Englaciation   Hex/Ice        6%         N/A       88%         5
 Silence                  Hex/Air        6%         N/A       88%         5
 Summon Mana Viper        Hex/Summ       12%        N/A       88%         5
 Summon Cactus Giant      Summ           6%         N/A       100%        6
 Monstrous Menagerie      Summ           6%         N/A       100%        7
 Summon Hydra             Summ           6%         N/A       100%        7
 Borgnjor's Revivificati  Necr           48%        N/A       13%         8
 Necromutation            Tmut/Necr      44%        N/A       52%         8
 Death's Door             Necr           48%        N/A       89%         9
 Lehudib's Crystal Spear  Conj/Erth      20%        10d6      100%        8


Dungeon Overview and Level Annotations

Branches:
Dungeon (15/15)            Temple (1/1) D:6            Lair (5/5) D:9
  Swamp (3/4) Lair:3       Spider (3/4) Lair:2        Slime (0/5) Lair:4
    Orc (2/2) D:9             Elf (0/3) Orc:2        Vaults (0/5) D:14
 Depths (2/4) D:15         Bailey (visited)           IceCv (visited)
Gauntlet (visited)

Altars:
Ashenzari
Cheibriados
Dithmenos
Elyvilon
Fedhas
Gozag
Hepliaklqana
Kikubaaqudgha
Makhleb
Nemelex Xobeh
Okawaru
Qazlal
Ru
Sif Muna
Trog
Uskayaw
Vehumet
Wu Jian
Xom
Yredelemnul
Zin
The Shining One
Jiyva

Shops:
D:1 (   D:6 (   D:12 (   D:15 ([*   Orc:2 [=**   Depths:1 ?[[

Portals:
Hell: Depths:1
Pandemonium: Orc:2


Innate Abilities, Weirdness & Mutations

You have a pair of small horns on your head.
Your skin changes colour to match your surroundings (Stealth+).


Message History

Casting: Borgnjor's Vile Clutch (mildly dangerous; 1% risk of failure)
Confirm with . or Enter, or press ? or * to list all spells.
Aiming: Vampiric Draining (safe; 0% risk of failure)
Press: ? - help, Shift-Dir - straight line, f - stone giant
Aim: a stone giant, quivering large rocks (heavily wounded)
You feel a surge of power!
You draw life force from the stone giant!
You feel life coursing into your body. The stone giant hits you!!
* * * LOW HITPOINT WARNING * * *
Casting: Vampiric Draining (safe; 0% risk of failure)
Confirm with . or Enter, or press ? or * to list all spells.
Aiming: Vampiric Draining (safe; 0% risk of failure)
Press: ? - help, Shift-Dir - straight line, f/p - stone giant
Aim: a stone giant, quivering large rocks (severely wounded)
You feel a surge of power!
You draw life force from the stone giant!
You feel life coursing into your body.
Unknown command.
Casting: Vampiric Draining (safe; 0% risk of failure)
Confirm with . or Enter, or press ? or * to list all spells.
Aiming: Vampiric Draining (safe; 0% risk of failure)
Press: ? - help, Shift-Dir - straight line, f/p - stone giant
Aim: a stone giant, quivering large rocks (severely wounded)
You feel a surge of power!
You draw life force from the stone giant!!
You feel life coursing into your body! You block the stone giant's attack.
Unknown command.
Casting: Vampiric Draining (safe; 0% risk of failure)
Confirm with . or Enter, or press ? or * to list all spells.
Aiming: Vampiric Draining (safe; 0% risk of failure)
Press: ? - help, Shift-Dir - straight line, f/p - stone giant
Aim: a stone giant, quivering large rocks (almost dead)
You feel a surge of power!
You draw life force from the stone giant!!
You kill the stone giant!
Kikubaaqudgha accepts your kill.
You feel life coursing into your body.
The ettin hits you with a +0 great mace!!
You die...
Kikubaaqudgha rasps: "You have failed me!
Welcome... death!"

################
#.......C......####
###......#C........##
#...)...###..#......#
###......##
##.#@.....##
.......)##
##C(......###
.......#...#
##.#.......## .......
...# ##.........#
.....#. ###.#
##........# ....#..
.. ##.......## ...#
.. .. ##)#.....# ...
... . ##......# .#
#.. ##)##..#


You could see an ettin.

Vanquished Creatures
  A golden dragon (Depths:1)
  Arachne (Spider:2)
  A walking crystal tome (Depths:1)
  Mlioglotl (Spider:3)
  A titan (Depths:1)
  Gastronok (Orc:1)
  2 tengu reavers
  A thorn hunter (Swamp:1)
  A fenstrider witch (Swamp:3)
  The ghost of Kesaebal the Impaler, an adept MfSu of Nemelex Xobeh (Spider:1)
  A frost giant (Depths:1)
  A fire giant (Depths:1)
  2 ghouls (Swamp:3)
  Louise (Swamp:2)
  2 ghost moths
  A broodmother (Spider:2)
  6 very ugly things
  8 stone giants
  4 eleionomae
  A minotaur (Gauntlet)
  3 bunyips
  5 spark wasps
  A bunyip (shapeshifter) (D:15)
  An ettin (Depths:1)
  An entropy weaver (Spider:3)
  A great orb of eyes (Depths:2)
  A quicksilver dragon skeleton (Depths:1)
  2 fire dragons
  3 rakshasas
  4 vault guards (D:14)
  A ghost crab (Swamp:1)
  2 ice dragons (Depths:1)
  2 death knights
  3 demonspawn (Orc:2)
  2 centaur warriors
  5 hydras
  3 alligators
  2 caustic shrike simulacra (IceCv)
  3 radroaches
  4 boulder beetles
  4 dancing weapons (D:14)
  2 deep troll shamans (Depths:1)
  5 catoblepae
  15 death yaks
  3 two-headed ogres
  A deep troll earth mage (Depths:1)
  7 tengu warriors
  6 orc high priests (Orc:2)
  A spriggan berserker (Depths:1)
  8 hell knights (Depths:1)
  Nergalle (Orc:1)
  A sun moth (Spider:1)
  4 pharaoh ants
  6 goliath frogs
  2 spriggan druids (Swamp:2)
  2 glowing orange brains
  2 ghost moth zombies (Spider:1)
  2 iron trolls (Depths:1)
  A spark wasp zombie (Spider:1)
  4 wizards
  A bog body (Swamp:3)
  6 steelbarb worms
  3 swamp dragons
  2 large abominations (Gauntlet)
  6 deep trolls
  9 orb spiders
  5 orc knights
  A spriggan simulacrum (Depths:1)
  2 orange crystal statues (IceCv)
  A stone giant zombie (Depths:1)
  4 deep elf pyromancers
  5 necromancers
  14 wolf spiders
  6 orc sorcerers
  7 cyclopes
  32 ugly things
  A cyclops (shapeshifter) (D:14)
  A fire giant skeleton (Depths:1)
  A guardian serpent (shapeshifter) (D:14)
  4 black mambas
  4 manticores
  An ice statue (Lair:5)
  2 torpor snails
  A smoke demon (Orc:2)
  14 elephants
  2 rust devils (D:5)
  An orange demon (Orc:2)
  12 cane toads
  6 demonic crawlers
  2 redback zombies (Spider:1)
  5 rime drakes
  6 komodo dragons
  A kobold demonologist (D:14)
  A hellwing (Orc:2)
  2 tengu conjurers
  7 freezing wraiths
  2 ice devils
  3 golden dragon simulacra (IceCv)
  2 anaconda simulacra (IceCv)
  A bloated husk (Swamp:2)
  13 polar bears
  7 tyrant leeches
  A hornet (shapeshifter) (D:14)
  7 meliai
  16 tarantellas
  Grinder (D:4)
  6 trolls
  5 hornets
  3 blink frogs (Lair:2)
  An iron dragon simulacrum (Depths:1)
  A tarantella zombie (Spider:1)
  26 slime creatures
  Sigmund (D:2)
  21 jumping spiders
  5 spriggans
  9 culicivoras
  6 wyverns
  A vampire (D:14)
  A wraith (D:12)
  47 yaks
  4 shadows
  2 dire elephant simulacra (IceCv)
  4 basilisks
  Grum (Lair:1)
  A steam dragon (Lair:2)
  23 redbacks
  4 vampire mosquitoes (D:11)
  2 wargs
  Menkaure (D:5)
  2 acid dragons
  3 harpy simulacra (IceCv)
  7 swamp worms
  2 hydra simulacra (IceCv)
  12 water moccasins
  45 orc warriors
  6 black bears
  A swamp drake (Swamp:1)
  3 ice beasts (Lair:5)
  An ettin simulacrum (IceCv)
  A sky beast (D:7)
  An alligator simulacrum (IceCv)
  An ogre (shapeshifter) (D:15)
  8 ogres
  13 wolves (Lair:1)
  A torpor snail zombie (Spider:1)
  10 centaurs
  2 kobold brigands (D:9)
  13 bullfrogs
  3 gnoll sergeants (D:6)
  2 necrophages
  5 scorpions
  A lindwurm simulacrum (IceCv)
  15 killer bees
  6 electric eels
  3 howler monkeys
  A lava snake (Lair:2)
  7 jellies
  31 orc priests
  13 hounds
  Jessica (D:2)
  6 gnoll boudas
  17 orc wizards
  3 small abominations (Gauntlet)
  33 gnolls
  12 adders
  A shadow imp (D:6)
  3 white imps
  An ufetubus (D:5)
  2 worms (D:2)
  A dart slug (D:3)
  85 orcs
  4 ball pythons (D:1)
  14 endoplasms
  3 giant cockroaches
  16 goblins
  7 hobgoblins
  5 jackals
  31 kobolds
  7 quokkas
  7 bats
  6 frilled lizards
  3 rats
1057 creatures vanquished.

Vanquished Creatures (collateral kills)
  Mara (Swamp:3)
  A stone giant (Depths:1)
  An eleionoma (Swamp:3)
  2 bunyips
  A fire dragon (Depths:1)
  A shambling mangrove (Swamp:1)
  An entropy weaver (Spider:1)
  A hydra (Swamp:3)
  A caustic shrike simulacrum (Depths:1)
  2 ice dragons (Depths:1)
  A rakshasa (Depths:1)
  2 alligators (Swamp:1)
  A tengu warrior (Depths:1)
  An iron troll (Depths:1)
  A spriggan druid (Swamp:1)
  A deep troll (Depths:1)
  3 bog bodies
  A swamp dragon (Swamp:1)
  A necromancer (Depths:1)
  An orc sorcerer (Orc:2)
  3 will-o-the-wisps
  A frost giant zombie (Depths:1)
  A wolf spider (Spider:1)
  A frost giant skeleton (Depths:1)
  A torpor snail (Spider:1)
  3 tyrant leeches (Swamp:1)
  3 hornets (Swamp:1)
  A spriggan (Swamp:1)
  A redback (Spider:1)
  A swamp worm (Swamp:1)
  2 swamp drakes (Swamp:1)
  2 orc warriors
  2 orc priests
  3 orc wizards
  2 gnolls (D:6)
  An adder (D:4)
  12 orcs
  A jackal (D:1)
  A bat (D:1)
  A rat (D:1)
68 creatures vanquished.

Vanquished Creatures (others)
  A fenstrider witch (Swamp:3)
  A frost giant (Depths:1)
  2 ghost moths (Spider:1)
  A stone giant (Depths:1)
  A bunyip (Swamp:3)
  An entropy weaver (Spider:2)
  A fenstrider witch zombie (Swamp:3)
  A hydra (Swamp:1)
  An alligator (Swamp:1)
  2 jorogumos
  2 spriggan berserkers
  A titan zombie (Depths:1)
  A spark wasp zombie (Depths:1)
  2 bunyip zombies
  A goliath frog (Swamp:1)
  2 spriggan riders (Swamp:3)
  A goliath frog zombie (Swamp:1)
  A frost giant zombie (Depths:1)
  2 stone giant zombies (Depths:1)
  An eleionoma zombie (Swamp:3)
  An iron troll zombie (Depths:1)
  A bloated husk (Swamp:3)
  A hydra zombie (Swamp:1)
  3 tarantellas (Spider:1)
  A tyrant leech (Swamp:3)
  A tarantella zombie (Spider:1)
  A fire dragon zombie (Depths:1)
  3 alligator zombies (Swamp:1)
  4 spriggan zombies
  A culicivora zombie (Spider:1)
  A culicivora (Spider:1)
  3 tyrant leech zombies
  A tengu zombie (Depths:1)
  3 deep troll zombies (Depths:1)
  A swamp drake (Swamp:3)
  A cyclops zombie (Orc:2)
  An orc wizard (Orc:1)
  3 ogre zombies
  A swamp drake zombie (Swamp:3)
  A gnoll (Orc:2)
  An orc (Orc:2)
  A hobgoblin zombie (Bailey)
  3 kobold zombies (Bailey)
  39 orc zombies
  2 briar patches (Swamp:1)
  24 foxfires
  26 fungi
  43 plants
198 creatures vanquished.

Grand Total: 1323 creatures vanquished

Notes
Turn   | Place    | Note
-------+----------+-------------------------------------------
     0 | D:1      | zishaf the Human Necromancer began the quest for the Orb.
     0 | D:1      | Reached XP level 1. HP: 13/13 MP: 3/3
    52 | D:1      | Found Keniumuv's Antique Weapon Shoppe.
   124 | D:1      | Reached XP level 2. HP: 20/20 MP: 1/5
   381 | D:1      | Reached skill level 1 in Fighting
   575 | D:1      | Reached XP level 3. HP: 24/26 MP: 4/6
   584 | D:1      | Learned a level 3 spell: Vampiric Draining
   757 | D:1      | Found a faded altar of an unknown god.
  1370 | D:2      | Reached XP level 4. HP: 16/32 MP: 0/7
  1453 | D:2      | Reached skill level 5 in Necromancy
  1457 | D:2      | Noticed Jessica
  1508 | D:2      | Killed Jessica
  1666 | D:2      | Found a shadowy altar of Dithmenos.
  1819 | D:2      | Reached XP level 5. HP: 30/38 MP: 0/8
  2025 | D:2      | Noticed Sigmund
  2855 | D:3      | Reached skill level 6 in Necromancy
  2855 | D:3      | Reached XP level 6. HP: 46/46 MP: 5/9
  2864 | D:3      | Learned a level 4 spell: Animate Dead
  3038 | D:3      | Found a shimmering altar of Xom.
  3235 | D:2      | Found a shadowy altar of Dithmenos.
  3310 | D:2      | Killed Sigmund
  3311 | D:2      | Reached skill level 1 in Evocations
  3358 | D:4      | Noticed an ogre
  3365 | D:4      | Killed an ogre
  3365 | D:4      | Noticed Grinder
  3366 | D:4      | Reached XP level 7. HP: 52/52 MP: 3/10
  3468 | D:3      | Reached skill level 7 in Necromancy
  4170 | D:4      | Killed Grinder
  4171 | D:4      | Reached XP level 8. HP: 13/61 MP: 11/11
  4742 | D:5      | Entered Level 5 of the Dungeon
  4756 | D:5      | HP: 1/61 [white imp/puff of frost (11)]
  4949 | D:5      | Identified the +7 short sword of Niuqeis {protect, rElec
                  | rCorr Dex+4}
  5031 | D:5      | Reached skill level 8 in Necromancy
  5056 | D:5      | Found a snail-covered altar of Cheibriados.
  5226 | D:5      | Identified the +0 chain mail of the Shining Light {rF+
                  | Dex+4}
  5262 | D:5      | Reached skill level 5 in Fighting
  5369 | D:5      | Identified the +0 helmet of the Harvest {Regen+}
  5454 | D:5      | Noticed Menkaure
  5464 | D:5      | Killed Menkaure
  6162 | D:5      | Reached skill level 9 in Necromancy
  6162 | D:5      | Reached XP level 9. HP: 65/68 MP: 12/12
  6600 | D:6      | Found Kinom's Antique Weapon Emporium.
  7361 | D:6      | Reached skill level 1 in Shields
  7616 | D:6      | Found a staircase to the Ecumenical Temple.
  7629 | Temple   | Entered the Ecumenical Temple
  7634 | Temple   | Became a worshipper of Kikubaaqudgha
  7668 | D:6      | Reached skill level 10 in Necromancy
  7965 | D:5      | Noticed a rust devil
  7965 | D:5      | Noticed a rust devil
  8322 | D:6      | Reached XP level 10. HP: 62/77 MP: 0/14
  8684 | D:7      | Reached * piety under Kikubaaqudgha
  8684 | D:7      | Received a gift from Kikubaaqudgha
  8707 | D:7      | Learned a level 2 spell: Sublimation of Blood
  8719 | D:7      | Learned a level 4 spell: Passage of Golubria
  8812 | D:7      | Found a white marble altar of Elyvilon.
  9048 | D:7      | Reached skill level 1 in Translocations
  9330 | D:7      | Reached skill level 11 in Necromancy
  9674 | D:8      | Found a flagged portal.
  9737 | Bailey   | Entered a bailey
  9755 | Bailey   | Reached ** piety under Kikubaaqudgha
 10114 | Bailey   | Noticed an orc knight
 10149 | Bailey   | Killed an orc knight
 10150 | Bailey   | Reached XP level 11. HP: 61/86 MP: 4/15
 10781 | D:8      | Found a sparkling altar of Nemelex Xobeh.
 10885 | D:8      | Found a hazy altar of Hepliaklqana.
 10886 | D:8      | Found a stormy altar of Qazlal.
 10886 | D:8      | Found an iron altar of Okawaru.
 11003 | D:8      | Reached skill level 12 in Necromancy
 11204 | D:9      | Reached skill level 5 in Shields
 11695 | D:9      | Found a staircase to the Lair.
 12014 | D:9      | Reached *** piety under Kikubaaqudgha
 12014 | D:9      | Received a gift from Kikubaaqudgha
 12572 | D:9      | Found a staircase to the Orcish Mines.
 12719 | D:10     | Entered Level 10 of the Dungeon
 13167 | D:10     | Reached skill level 5 in Translocations
 13167 | D:10     | You are sucked into a shaft and drop 3 floors!
 13171 | D:13     | Noticed a cyclops
 13175 | D:13     | Noticed a death knight
 13368 | D:12     | Learned a level 4 spell: Dispel Undead
 13871 | D:11     | Found a broken altar of Ashenzari.
 13877 | D:11     | Noticed a two-headed ogre
 14036 | D:11     | Noticed a cyclops
 14097 | Lair:1   | Entered Level 1 of the Lair of Beasts
 14125 | Lair:1   | Reached skill level 5 in Spellcasting
 14130 | Lair:1   | Reached XP level 12. HP: 81/94 MP: 19/19
 14136 | Lair:1   | Reached **** piety under Kikubaaqudgha
 14335 | Lair:1   | Reached skill level 13 in Necromancy
 14771 | Lair:1   | Noticed Grum
 14821 | Lair:1   | Killed Grum
 15001 | Lair:1   | Learned a level 5 spell: Borgnjor's Vile Clutch
 15246 | Lair:1   | Noticed a catoblepas
 15268 | Lair:1   | Killed a catoblepas
 15269 | Lair:1   | Reached skill level 1 in Earth Magic
 16003 | Lair:2   | Noticed a boulder beetle
 16022 | Lair:2   | Killed a boulder beetle
 16356 | Lair:2   | Found a hole to the Spider Nest.
 16499 | Lair:2   | Reached skill level 10 in Fighting
 17009 | Lair:3   | Noticed a six-headed hydra
 17018 | Lair:3   | Killed a six-headed hydra
 17019 | Lair:3   | Reached XP level 13. HP: 83/103 MP: 21/22
 17432 | Lair:3   | Reached skill level 5 in Earth Magic
 18142 | Lair:3   | Found a staircase to the Swamp.
 19057 | Lair:4   | Reached skill level 14 in Necromancy
 19061 | Lair:4   | Reached ***** piety under Kikubaaqudgha
 19318 | Lair:4   | Noticed an eight-headed hydra
 19331 | Lair:4   | Killed an eight-headed hydra
 19809 | Lair:4   | Reached XP level 14. HP: 112/113 MP: 15/24
 19961 | Lair:4   | Found a staircase to the Slime Pits.
 19961 | Lair:4   | Found a viscous altar of Jiyva.
 20369 | Lair:5   | Entered Level 5 of the Lair of Beasts
 20473 | Lair:5   | Found a gate leading to a gauntlet.
 20482 | Gauntlet | Entered a Gauntlet
 20482 | Gauntlet | Found a transporter.
 20493 | Gauntlet | Found a transporter.
 20501 | Gauntlet | Found a transporter.
 20503 | Gauntlet | Found a transporter.
 20514 | Gauntlet | Found a transporter.
 20526 | Gauntlet | Found a runed translucent door.
 20530 | Gauntlet | Found a transporter.
 20539 | Gauntlet | Found a transporter.
 20543 | Gauntlet | Found a transporter.
 20543 | Gauntlet | Found a transporter.
 20558 | Gauntlet | Found a transporter.
 20564 | Gauntlet | Found a runed translucent door.
 20565 | Gauntlet | Found a transporter.
 20565 | Gauntlet | Found a transporter.
 20566 | Gauntlet | Found a runed translucent door.
 20592 | Gauntlet | Found a transporter.
 20606 | Gauntlet | Found a transporter.
 20945 | Gauntlet | Identified the ring "Xys Siqi" {Ice Will+ Int+4 Dex+3}
 20955 | Gauntlet | Noticed a minotaur
 20964 | Gauntlet | Killed a minotaur
 21477 | Lair:5   | Learned a level 6 spell: Statue Form
 21768 | Lair:5   | Reached skill level 1 in Transmutations
 22700 | Lair:5   | Reached skill level 10 in Earth Magic
 22973 | Lair:5   | Identified the +9 war axe "Quxer" {freeze, rF- rN+ Int+7
                  | Dex+3}
 23426 | D:11     | Reached XP level 15. HP: 116/120 MP: 23/27
 23600 | D:11     | Reached skill level 15 in Necromancy
 24439 | D:12     | Found Ugeaz's Antique Weapon Boutique.
 26039 | D:12     | Found Ugeaz's Antique Weapon Boutique.
 27737 | D:14     | Reached skill level 5 in Transmutations
 27819 | D:14     | Found a gate to the Vaults.
 27961 | D:14     | Reached ****** piety under Kikubaaqudgha
 28334 | D:14     | Identified the +2 leather armour "Ujumi" {Harm rElec rN+
                  | Stlth+}
 28742 | D:14     | Found a large runed translucent door.
 28742 | D:14     | Found a large runed translucent door.
 28887 | D:15     | Entered Level 15 of the Dungeon
 28896 | D:15     | Found Becytidu's Armour Shoppe.
 29006 | D:15     | Reached XP level 16. HP: 129/129 MP: 24/28
 29079 | D:15     | Found Neapuoc's Antique Weapon Shop.
 30253 | D:15     | Upgraded the game from 0.30-a0-210-g01b79a254e to
                  | 0.30-a0-218-gedb9141078
 30283 | D:14     | Received a gift from Kikubaaqudgha
 30570 | D:15     | Found Acsiargh's Assorted Antiques.
 30615 | D:15     | Bought a potion of heal wounds for 220 gold pieces
 30709 | D:15     | Found a staircase to the Depths.
 31015 | Orc:1    | Entered Level 1 of the Orcish Mines
 31275 | Orc:2    | Entered Level 2 of the Orcish Mines
 31914 | Orc:2    | Found a staircase to the Elven Halls.
 32147 | Orc:2    | Found Doaph's General Store.
 32174 | Orc:2    | Found Xecruer's General Store.
 32414 | Orc:2    | Reached skill level 16 in Necromancy
 32643 | Orc:2    | Bought a potion of curing for 48 gold pieces
 32922 | Orc:2    | Paralysed by an orc sorcerer for 3 turns
 33173 | Orc:2    | Found Gul Juev's Antique Armour Boutique.
 33173 | Orc:2    | Found Ucajis's Jewellery Shop.
 33174 | Orc:2    | Found a one-way gate leading to the halls of Pandemonium.
 33180 | Orc:2    | Bought the +4 skin of Zhor {*Englaciate rC+++ SInv} for
                  | 2394 gold pieces
 33180 | Orc:2    | Found the +4 skin of Zhor {*Englaciate rC+++ SInv}
 33242 | Orc:1    | Noticed Nergalle
 33250 | Orc:1    | Killed Nergalle
 33512 | Orc:1    | Noticed Gastronok
 33526 | Orc:1    | Killed Gastronok
 33833 | Depths:1 | Entered Level 1 of the Depths
 33980 | Depths:1 | Reached XP level 17. HP: 112/138 MP: 14/30
 34426 | Swamp:1  | Entered Level 1 of the Swamp
 34820 | Swamp:1  | Noticed a thorn hunter
 34824 | Swamp:1  | Reached skill level 10 in Spellcasting
 34832 | Swamp:1  | Killed a thorn hunter
 35008 | Swamp:1  | Learned a level 8 spell: Infestation
 35233 | Swamp:2  | Noticed Louise
 35244 | Swamp:2  | Killed Louise
 35270 | Swamp:2  | Found a frozen archway.
 35336 | IceCv    | Entered an ice cave
 36258 | Swamp:2  | Reached skill level 17 in Necromancy
 36965 | Swamp:3  | Noticed Mara
 36967 | Swamp:3  | Noticed zishaf's illusion
 37254 | D:10     | Gained mutation: Your magical capacity is low. (-10% MP)
                  | [potion of mutation]
 37254 | D:10     | Gained mutation: Your spells are a little harder to cast,
                  | but a little more powerful. [potion of mutation]
 37255 | D:10     | Lost mutation: Your magical capacity is low. (-10% MP)
                  | [potion of mutation]
 37255 | D:10     | Lost mutation: Your spells are a little harder to cast, but
                  | a little more powerful. [potion of mutation]
 37255 | D:10     | Gained mutation: You are partially covered in iridescent
                  | scales. (AC +2) [potion of mutation]
 37255 | D:10     | Gained mutation: You occasionally lose the ability to drink
                  | potions when taking damage. [potion of mutation]
 37255 | D:10     | Lost mutation: You are partially covered in iridescent
                  | scales. (AC +2) [potion of mutation]
 37255 | D:10     | Gained mutation: Your system is resistant to poisons.
                  | (rPois) [potion of mutation]
 37256 | D:10     | Lost mutation: You occasionally lose the ability to drink
                  | potions when taking damage. [potion of mutation]
 37256 | D:10     | Lost mutation: Your system is resistant to poisons. (rPois)
                  | [potion of mutation]
 37256 | D:10     | Gained mutation: Your spells are a little easier to cast,
                  | but a little less powerful. [potion of mutation]
 37256 | D:10     | Gained mutation: Your skin changes colour to match your
                  | surroundings (Stealth+). [potion of mutation]
 37256 | D:10     | Gained mutation: You are partially covered in iridescent
                  | scales. (AC +2) [potion of mutation]
 37836 | Swamp:3  | Killed Mara
 37847 | Swamp:3  | Reached XP level 18. HP: 76/147 MP: 20/32
 38745 | Spider:1 | Entered Level 1 of the Spider Nest
 39370 | Lair:2   | Reached skill level 18 in Necromancy
 39370 | Lair:2   | Reached skill level 10 in Transmutations
 40013 | Spider:1 | Found a runed translucent door.
 40018 | Spider:1 | Noticed Kesaebal's ghost (adept MfSu)
 40075 | Spider:1 | Killed Kesaebal's ghost
 40076 | Spider:1 | Reached skill level 15 in Fighting
 40083 | Spider:1 | Identified the +0 helmet "Baega" {Fly rF- rCorr}
 40564 | Spider:2 | Noticed Arachne
 40734 | Spider:1 | HP: 7/193 [redback (9)]
 41474 | Spider:2 | Killed Arachne
 41892 | Spider:3 | Noticed Mlioglotl
 42209 | Spider:3 | Reached XP level 19. HP: 118/155 MP: 17/34
 42849 | Spider:3 | Identified the +3 leather armour of Sif Muna's Approval
                  | {+Blink rElec Dex+3 SInv}
 42904 | Spider:3 | Reached skill level 19 in Necromancy
 43212 | Spider:3 | Noticed a Hell Sentinel
 43220 | Spider:3 | Killed Mlioglotl
 44475 | Depths:1 | Found Vaybbom's Magic Scroll Emporium.
 44477 | Depths:1 | Found Jenipuwk's Armour Shoppe.
 44480 | Depths:1 | Found Etzutat's Antique Armour Emporium.
 44487 | Depths:1 | Bought an ancient robe for 205 gold pieces
 44487 | Depths:1 | Identified the +0 robe of Gosus {rN+ Str+8 Dex-2 SInv} (You
                  | bought it in a shop on level 1 of the Depths)
 44499 | Depths:1 | Identified the ring of Tomorrow {Fly rN+ Str+4}
 44550 | Depths:1 | Noticed a titan
 44558 | Depths:1 | Killed a titan
 44564 | Depths:1 | Noticed a golden dragon
 44565 | Depths:1 | Noticed a walking crystal tome
 45221 | Depths:1 | Killed a golden dragon
 45354 | Depths:1 | Killed a walking crystal tome
 45938 | Depths:1 | Found a stormy altar of Qazlal.
 46474 | Depths:1 | Found a gateway to Hell.
 46673 | Depths:1 | Lost mutation: Your spells are a little easier to cast, but
                  | a little less powerful. [potion of mutation]
 46673 | Depths:1 | Lost mutation: You are partially covered in iridescent
                  | scales. (AC +2) [potion of mutation]
 46673 | Depths:1 | Gained mutation: You have a pair of small horns on your
                  | head. [potion of mutation]
 46673 | Depths:1 | Gained mutation: Your flesh is cold resistant. (rC+)
                  | [potion of mutation]
 46673 | Depths:1 | Lost mutation: Your flesh is cold resistant. (rC+) [potion
                  | of mutation]
 46959 | Depths:1 | Reached XP level 20. HP: 134/166 MP: 28/35
 47350 | Depths:2 | Paralysed by a great orb of eyes for 3 turns
 47402 | Depths:2 | Mangled by an ettin

Illustrated notes

Levels and vault maps discovered:
D:1:      lemuel_arrival_hallway, layout_loops_ring,
          shapermc_ecumenical_altar_mp_ritualfount, serial_shops, shop
D:2:      minmay_door_path, layout_rooms, basic_altar, uniq_jessica,
          uniq_sigmund
D:3:      layout_rooms, amcnicky_altar_gilded, grunt_ministairs_15
D:4:      layout_loops_cross, uniq_grinder
D:5:      cheibrodos_iron_armory, layout_layer_cave,
          mainiacjoe_overflow_concentric_impassable, uniq_menkaure
D:6:      layout_cave_pools, minmay_temple_entry_butterflies, serial_gnoll_camp,
          gnoll_camp_mini_shop, gnoll_camp_huts_moat, gnoll_camp_medium_01,
          gnoll_camp_mini_house, gnoll_camp_mini_hut, nicolae_fountain_basement
D:7:      layout_loops_corners, mainiacjoe_overflow_catwalk
D:8:      layout_loops_ring, mainiacjoe_overflow_boulevard,
          chequers_temple_overflow_statue_of_worship, enter_bailey_6
D:9:      layout_rooms, due_lair_maze_entry_diamond,
          minmay_orc_entry_temple_small, kennysheep_generic_room_6
D:10:     layout_small_grid, serial_glass, glass_columns_a, glass_columns_a,
          item_on_display_b, minmay_strange_pillars, due_unseen_surprise,
          minmay_strange_pillars
D:11:     layout_rooms, ashenzari_altar_1
D:12:     layout_cave_pods, serial_shops, nicolae_take_the_stairs
D:13:     layout_cave_pools
D:14:     doesnt_quadruple_sword, layout_rooms,
          lightli_vaults_fourway_checkpoint, grunt_decor_one_mirror
D:15:     gammafunk_enter_depths_forms, layout_stronghold, serial_shops,
          nicolae_shop_behind_doors, nicolae_shop_stone, nicolae_lakefront_shop,
          hangedman_decor_lopped
Temple:   minmay_freezing_vapour_temple
Lair:1:   layout_cave_pods, uniq_grum
Lair:2:   layout_gridlike, spider_nest_entry_webs, grunt_megastairs_3
Lair:3:   layout_cave_pods, minmay_swamp_entry_worms, nicolae_lair_lil_pond,
          serial_bayou_shore_a
Lair:4:   layout_small_grid, nicolae_slime_entry_slimehenge, beast_lair_carwin_8
Lair:5:   evilmike_catoblepas_cave, layout_regular_city, gauntlet_entry_generic,
          st_stairs_11, ice2_lemuel
Swamp:1:  layout_basic_swamp, evilmike_swamp_ruin_house_3
Swamp:2:  layout_basic_swamp, portal_ice_cave_entry_frozen_things,
          evilmike_swamp_ruin_rubble_2, uniq_louise
Swamp:3:  layout_basic_swamp, evilmike_swamp_ruin_house_4, uniq_mara
Spider:1: layout_spider_delve, ebering_ghost_reflecting_pool
Spider:2: layout_spider_delve, uniq_arachne
Spider:3: layout_spider_delve, nicolae_spider_bzzzt, uniq_mlioglotl
Orc:1:    layout_caves, uniq_gastronok, uniq_nergalle
Orc:2:    pf_orc_diabolical, layout_caves
Depths:1: minmay_triangles_in_corner, layout_gridville, grunt_metal_band,
          nicolae_qazlal_style_of_elements, serial_sigils_hangedman_stare,
          kennysheep_crisscross, ebering_dispersal_statue_hall,
          kennysheep_generic_room_11, minmay_shop_star
Depths:2: hangedman_pleasuredromes, serial_shops, pan_entry, hell_entry,
          abyss_entry

Skill      XL: |  1  2  3  4  5  6  7  8  9 10 11 12 13 14 15 16 17 18 19 20 |
---------------+-------------------------------------------------------------+-----
Fighting       | 1 2 3 4 5 6 7 8 10 11 12 13 14 15 16 | 16.5
Necromancy     | 5 6 7 9 10 11 12 13 14 15 16 17 18 19 | 19.8
Evocations     | 2 3 4 |  4.0
Shields        | 2 4 5 |  5.0
Spellcasting   | 3 5 6 7 8 9 10 11 12 | 12.1
Translocations | 3 5 7 8 |  8.0
Earth Magic    | 4 7 10 12 13 | 13.0
Transmutations | 3 5 7 9 10 12 | 12.4
Dodging        | |  2.0
Stealth        | |  2.0

Action                   |  1- 3 |  4- 6 |  7- 9 | 10-12 | 13-15 | 16-18 | 19-21 || total
-------------------------+-------+-------+-------+-------+-------+-------+-------++-------
Melee: Unarmed           |     4 |       |       |       |       |       |       ||     4
       Dagger            |    21 |    30 |    30 |       |       |       |       ||    81
       Short sword       |       |       |   176 |   430 |       |       |       ||   606
       Punch             |       |       |     2 |       |       |       |       ||     2
       Staff             |       |       |       |   184 |   273 |   246 |   101 ||   804
       Headbutt          |       |       |       |       |       |       |     9 ||     9
 Cast: Necrotise         |    60 |    89 |   170 |    80 |       |       |       ||   399
       Vampiric Draining |       |     5 |    26 |   167 |   199 |    98 |    18 ||   513
       Animate Dead      |       |       |       |     1 |       |     9 |     1 ||    11
       Dispel Undead     |       |       |       |     1 |    11 |    29 |    13 ||    54
       Borgnjor's Vile C |       |       |       |     9 |   170 |   330 |   142 ||   651
       Passage of Golubr |       |       |       |       |     1 |       |       ||     1
       Sublimation of Bl |       |       |       |       |     1 |     4 |       ||     5
       Statue Form       |       |       |       |       |       |    25 |     4 ||    29
Invok: Receive Forbidden |       |       |       |       |       |     1 |       ||     1
       Unearth Wretches  |       |       |       |       |       |     6 |     1 ||     7
Evoke: Wand              |       |     3 |     4 |    22 |     3 |     5 |    10 ||    47
       Tin of tremorston |       |       |       |       |     3 |     2 |       ||     5
       Lightning rod     |       |       |       |       |     1 |     6 |       ||     7
       Condenser vane    |       |       |       |       |       |     2 |       ||     2
       Phial of floods   |       |       |       |       |       |     1 |       ||     1
  Use: Scroll            |       |       |    12 |     9 |    10 |    12 |       ||    43
       Potion            |       |       |     1 |       |       |    20 |     1 ||    22
 Stab: Distracted        |     1 |       |     1 |       |       |       |     2 ||     4
       Sleeping          |       |       |     2 |     7 |       |       |       ||     9
Armor: Robe              |     7 |    14 |    77 |   252 |   207 |    94 |       ||   651
       Skin              |       |       |       |       |       |   605 |    61 ||   666
       Animal skin       |       |       |       |       |       |    76 |    56 ||   132
Dodge: Dodged            |    21 |    28 |   191 |   420 |   353 |   983 |   161 ||  2157
Block: Buckler           |       |       |    42 |   254 |   171 |   371 |    72 ||   910

Table legend: (Time is in decaauts)
 A = Elapsed time spent in this place.
 B = Non-inter-level travel time spent in this place.
 C = Inter-level travel time spent in this place.
 D = Time resting spent in this place.
 E = Time spent auto-exploring this place.
 F = Levels seen in this place.
 G = Mean time per level.
                   A        B        C        D        E       F      G
               +--------+--------+--------+--------+--------+-----+--------+
         Total |  49075 |  45755 |   3320 |   9057 |  26397 |  34 | 1443.4 |
       Dungeon |  22439 |  20503 |   1936 |   2836 |  13460 |  15 | 1495.9 |
        Temple |     10 |     10 |      0 |      0 |      0 |   1 |   10.0 |
          Lair |   9987 |   9124 |    863 |   1260 |   6048 |   5 | 1997.4 |
         Swamp |   3168 |   3012 |    156 |    803 |   1565 |   3 | 1056.0 |
   Spider Nest |   4626 |   4464 |    162 |   2154 |   1327 |   3 | 1542.0 |
  Orcish Mines |   3084 |   2933 |    151 |    553 |   1589 |   2 | 1542.0 |
        Depths |   3708 |   3659 |     49 |    657 |   2114 |   2 | 1854.0 |
        Bailey |    673 |    673 |      0 |     78 |    231 |   1 |  673.0 |
      Ice Cave |    758 |    758 |      0 |    512 |      0 |   1 |  758.0 |
      Gauntlet |    617 |    617 |      0 |    204 |     61 |   1 |  617.0 |
               +--------+--------+--------+--------+--------+-----+--------+

Top non-repeatable levels by time:
Depths:1: 3500 daAuts
    D:12: 2604 daAuts
  Lair:1: 2205 daAuts
  Lair:2: 2160 daAuts
Spider:1: 2155 daAuts
    D:15: 2120 daAuts
Spider:3: 2022 daAuts
  Lair:5: 1944 daAuts
     D:5: 1905 daAuts
  Lair:3: 1903 daAuts
     D:6: 1884 daAuts
   Orc:2: 1795 daAuts
  Lair:4: 1774 daAuts
    D:14: 1509 daAuts
     D:2: 1463 daAuts
